 Dungeon Crawl Stone Soup version 0.27-a0-1321-gd358eaa319 (webtiles) character file.

Game seed: 15842162801402062143

139 Ijustatesigmund the Chopper (level 5, -2/47 HPs)
             Began as a Hill Orc Fighter on June 22, 2021.
             Succumbed to an orc's poison
             ... on level 4 of the Dungeon.
             The game lasted 00:03:00 (3239 turns).

Ijustatesigmund the Chopper (Hill Orc Fighter)      Turns: 3239, Time: 00:03:00

Health: -2/47      AC:  8    Str: 19    XL:     5   Next: 22%
Magic:  5/5        EV:  7    Int:  8    God:
Gold:   180        SH:  9    Dex: 11    Spells: 4/4 levels left

rFire    . . .     SeeInvis .   a - +0 war axe
rCold    . . .     Faith    .   c - +0 kite shield
rNeg     . . .     Spirit   .   b - +0 scale mail
rPois    .         Reflect  .   (no helmet)
rElec    .         Harm     .   j - +0 cloak
rCorr    .         Rampage  .   (no gloves)
Will     .....                  (no boots)
Stlth    ..........             (no amulet)
HPRegen  0.15/turn              (no ring)
MPRegen  0.09/turn              (no ring)

@: mighty, lethally poisoned (-2 -> -28), studying Crossbows
A: no striking features
a: Convert to Beogh


You were on level 4 of the Dungeon.
You visited 1 branch of the dungeon, and saw 4 of its levels.

You collected 180 gold pieces.

Inventory:

Hand Weapons
 a - a +0 war axe (weapon)
Armour
 b - a +0 scale mail (worn)
 c - a +0 kite shield (worn)
 j - a +0 cloak (worn)
Jewellery
 f - an amulet of guardian spirit
Wands
 k - a wand of charming (10)
Scrolls
 e - 2 scrolls of blinking {unknown}
 g - a scroll of magic mapping
 h - 2 scrolls of identify {unknown}
 i - a scroll of fog {unknown}
 l - a scroll of noise {unknown}
 m - 2 scrolls of teleportation {unknown}
Potions
 d - a potion of might


   Skills:
 + Level 4.8 Fighting
 + Level 6.0 Axes
 - Level 3.2 Armour
 - Level 3.2 Shields


You had 4 spell levels left.
You didn't know any spells.
Your spell library was empty.

Dungeon Overview and Level Annotations

Branches:
Dungeon (4/15)             Temple (0/1) D:4

Altars:
Elyvilon
Yredelemnul

Shops:
D:4 !


Message History

You are more poisoned.
The adder bites you but does no damage.
The orc priest hits you but does no damage.
You closely miss the orc priest. You closely miss the orc wizard.
You hit the orc. You miss the adder. You hit the orc but do no damage.
You feel very sick.
The orc priest threatens, "By the altar or by the axe, you will meet Beogh!"
The adder bites you but does no damage. You block the orc's attack.
The orc wizard points at you and mumbles some strange words.
You resist with some effort. The orc hits you with a +0 hand axe.
The orc priest completely misses you. The adder barely misses you.
You block the orc's attack.
The orc wizard hits you with a +0 dagger.
The orc priest shouts, "Surrender to Beogh and we'll let you live!"
You barely miss the orc priest. You barely miss the orc.
Your shield prevents you from hitting the adder.
You hit the orc.
The orc priest shouts, "Join the one true god or die!"
You slash the orc wizard!
You kill the orc wizard!
* * * LOW HITPOINT WARNING * * *
You feel very sick. The orc hits you with a +0 hand axe.
* * * LOW HITPOINT WARNING * * *
The orc priest closely misses you. The adder bites you.
* * * LOW HITPOINT WARNING * * *
You are more poisoned.
The adder poisons you! The orc hits you but does no damage.
You are more poisoned.
You block the orc's attack. The orc priest hits you with a +0 club.
* * * LOW HITPOINT WARNING * * *
The adder bites you but does no damage.
Your Axes skill increases to level 6!
You have reached level 5!
You feel stronger.
Okay, then.
As you read the scroll labelled ONEICS HAENIF, it crumbles to dust.
You feel aware of your surroundings.
You sensed 2 shops/portals.
It was a scroll of magic mapping.
You die...

* * ######### *
#...[...# * ***
####.......# *****,**
#..........#
,,,*,,,**#..........#
**,,,,,,,...........#
****,,,****,#..o∩o..#
* **,** **#..o@...#
*,* ####S#### *,*
#####.### **+**
#.S..o..# **,,,**
#.#o..#.# **,,,,,**
#.......#
**,,,,,,,**###..####
*,,,,,,,,,####...##
+,,,,,,,,,+.......#


You could see an orc priest, an adder and 3 orcs.

Vanquished Creatures
  A bullfrog skeleton (D:3)
  An orc wizard (D:4)
  3 adders
  A worm (D:2)
  A dart slug (D:1)
  3 orcs (D:3)
  5 bats
  2 endoplasms (D:2)
  3 giant cockroaches
  5 hobgoblins
  3 jackals (D:2)
  3 kobolds (D:1)
  2 quokkas
  4 ball pythons
  3 frilled lizards
  5 goblins
  6 rats
51 creatures vanquished.

Notes
Turn   | Place    | Note
-------+----------+-------------------------------------------
     0 | D:1      | Ijustatesigmund the Hill Orc Fighter began the quest for
                  | the Orb.
     0 | D:1      | Reached XP level 1. HP: 19/19 MP: 1/1
    15 | D:1      | Found a faded altar of an unknown god.
    35 | D:1      | Reached skill level 3 in Axes
   195 | D:1      | Reached XP level 2. HP: 26/26 MP: 2/2
   298 | D:1      | Reached skill level 4 in Axes
   818 | D:2      | Reached XP level 3. HP: 12/31 MP: 3/3
  1673 | D:2      | Reached skill level 5 in Axes
  2423 | D:3      | Reached XP level 4. HP: 40/40 MP: 4/4
  2794 | D:3      | Found a white marble altar of Elyvilon.
  2960 | D:3      | Found a basalt altar of Yredelemnul.
  3228 | D:4      | Found Foimujic's Distillery.
  3239 | D:4      | Reached skill level 6 in Axes
  3239 | D:4      | Reached XP level 5. HP: 4/47 MP: 5/5
  3239 | D:4      | Succumbed to an orc's poison

Illustrated notes

Levels and vault maps discovered:
D:1:      zelgadis_glass_arrival_small, layout_loops_ring,
          basic_ecumenical_altar, serial_forest, infiniplex_forest_clump_small,
          infiniplex_forest_straight_5, infiniplex_forest_diagonal,
          infiniplex_forest_lined_ring, infiniplex_forest_straight_2
D:2:      layout_loops_corners, minmay_diced_spiral
D:3:      layout_rooms, kennysheep_ying_yang
D:4:      layout_loops_corners, minmay_temple_entry_stoned_glass, serial_shops,
          shop, nicolae_diamond_shop, nicolae_shop_statue_plus, minmay_rat_hole

Skill      XL: |  1  2  3  4 |
---------------+-------------+-----
Axes           | 3 4 5 6 |  6.0
Fighting       | 4 |  4.8
Armour         | |  3.2
Shields        | |  3.2

Action                   |  1- 3 |  4- 6 || total
-------------------------+-------+-------++-------
Melee: War axe           |   107 |    48 ||   155
  Use: Potion            |       |     1 ||     1
       Scroll            |       |     1 ||     1
Armor: Scale mail        |    44 |    39 ||    83
Dodge: Dodged            |    31 |    20 ||    51
Block: Kite shield       |    51 |    39 ||    90

Table legend: (Time is in decaauts)
 A = Elapsed time spent in this place.
 B = Non-inter-level travel time spent in this place.
 C = Inter-level travel time spent in this place.
 D = Time resting spent in this place.
 E = Time spent auto-exploring this place.
 F = Levels seen in this place.
 G = Mean time per level.
                   A        B        C        D        E       F      G
               +--------+--------+--------+--------+--------+-----+--------+
         Total |   3316 |   3208 |    108 |    385 |   2461 |   4 |  829.0 |
       Dungeon |   3316 |   3208 |    108 |    385 |   2461 |   4 |  829.0 |
               +--------+--------+--------+--------+--------+-----+--------+

Top non-repeatable levels by time:
     D:2: 1656 daAuts
     D:1: 814 daAuts
     D:3: 775 daAuts
     D:4: 69 daAuts
